 Dungeon Crawl Stone Soup version 0.24.0-123-gd5b16e6ec5 (webtiles) character file.

Game seed: 8593388774700046210, levelgen mode: deterministic

19306 McKennaii the Thaumaturge (level 12, -3/89 HPs)
             Began as a Pale Draconian Conjurer on Jan 28, 2020.
             Was a High Priest of Sif Muna.
             Killed from afar by an ice dragon (51 damage)
             ... with a blast of cold
             ... in an ice cave.
             The game lasted 00:40:49 (18549 turns).

McKennaii the Thaumaturge (DrCj)                   Turns: 18549, Time: 00:40:49

Health: -3/89      AC: 10    Str: 12    XL:     12   Next: 35%
Magic:  30/30      EV: 14    Int: 20    God:    Sif Muna [*****.]
Gold:   908        SH:  0    Dex: 11    Spells: 31/39 levels left

rFire    + . .     SeeInvis .   f - +1 dagger (holy)
rCold    . . .     Gourm    .   (no shield)
rNeg     . . .     Faith    +   (armour unavailable)
rPois    .         Spirit   .   (helmet restricted)
rElec    .         Reflect  .   M - scarf {repulsion}
rCorr    .         Harm     .   F - +1 pair of gloves
MR       .....                  (no boots)
Stlth    +++.......             E - amulet of faith
HPRegen  0.24/turn              D - ring of protection from fire
MPRegen  0.22/turn              A - ring of stealth

@: about to teleport, repel missiles
A: breathe steam, unfitting armour, cold-blooded, AC +8
a: Breathe Steam, Channel Magic, Forget Spell, Divine Exegesis, Renounce
Religion


You were in an ice cave.
You worshipped Sif Muna.
Sif Muna was extremely pleased with you.
You were not hungry.

You visited 2 branches of the dungeon, and saw 13 of its levels.
You also visited: Ice Cave.

You collected 908 gold pieces.

Inventory:

Hand Weapons
 f - a +1 dagger of holy wrath (weapon)
Armour
 F - a +1 pair of gloves (worn)
 H - a scarf of cloud immunity
 M - a scarf of repulsion (worn)
Magical Staves
 n - an uncursed staff of wizardry
Jewellery
 i - an uncursed ring of flight
 A - a ring of stealth (right hand)
 D - a ring of protection from fire (left hand)
 E - an amulet of faith (around neck)
Wands
 s - a wand of disintegration (28)
 t - a wand of paralysis (7)
 y - a wand of random effects (38)
 z - a wand of flame (16)
 J - a wand of iceblast (10)
 N - a wand of digging (3)
 Q - a wand of acid (10)
Scrolls
 d - 3 scrolls of identify
 j - 4 scrolls of teleportation
 l - 7 scrolls of remove curse
 m - 5 scrolls of amnesia {unknown}
 q - 3 scrolls of fear {unknown}
 w - 5 scrolls of immolation {unknown}
 C - 2 scrolls of enchant weapon {unknown}
 G - 4 scrolls of blinking {unknown}
 I - a scroll of enchant armour {unknown}
 L - a scroll of fog {unknown}
 O - a scroll of holy word {unknown}
 P - a scroll of acquirement {unknown}
Potions
 a - 2 potions of degeneration
 c - a potion of haste
 e - 5 potions of heal wounds
 g - 2 potions of might
 h - 7 potions of curing
 k - a potion of ambrosia {unknown}
 o - a potion of lignification
 p - 5 potions of brilliance
 r - a potion of invisibility
 u - a potion of berserk rage {unknown}
 v - a potion of cancellation
 x - a potion of agility {unknown}
 B - 2 potions of magic {unknown}
 K - a potion of mutation {unknown}
Comestibles
 b - 21 rations


   Skills:
 + Level 3.3 Fighting
 + Level 5.5 Dodging
 + Level 3.9 Stealth
 * Level 14.0 Spellcasting
 + Level 10.9 Conjurations
 * Level 4.7 Fire Magic


You had 31 spell levels left.
You knew the following spells:

 Your Spells              Type           Power        Failure   Level  Hunger
a - Magic Dart            Conj           ####         1%          1    None
b - Inner Flame           Hex/Fire       ###.....     5%          3    None
c - Iskenderun's Mystic   Conj           ######..     1%          4    None

Your spell library contained the following spells:

 Spells                   Type           Power        Failure   Level  Hunger
 Searing Ray              Conj           ######       1%          2    None
 Dazzling Spray           Conj/Hex       #####.       1%          3    None
 Corona                   Hex            ##.....      4%          1    None
 Summon Butterflies       Summ           ##......     4%          1    None
 Force Lance              Conj/Tloc      #####...     4%          4    None
 Fulminant Prism          Conj/Hex       #####.....   4%          4    None
 Blink                    Tloc           N/A          7%          2    None
 Slow                     Hex            ##......     7%          2    None
 Portal Projectile        Hex/Tloc       ##....       14%         3    None
 Cause Fear               Hex            ##........   41%         4    None
 Leda's Liquefaction      Hex/Erth       ##........   41%         4    None
 Summon Forest            Summ/Tloc      ##........   77%         5    ###....
 Summon Mana Viper        Hex/Summ       ##......     77%         5    ###....


Dungeon Overview and Level Annotations

Branches:
Dungeon (12/15)            Temple (1/1) D:6            Lair (0/6) D:8
  IceCv (1/1)
    Orc: D:9-12

Altars:
Ashenzari
Cheibriados
Dithmenos
Elyvilon
Fedhas
Gozag
Hepliaklqana
Kikubaaqudgha
Makhleb
Nemelex Xobeh
Okawaru
Qazlal
Ru
Sif Muna
Trog
Uskayaw
Vehumet
Wu Jian
Xom
Yredelemnul
Zin
The Shining One

Shops:
D:8 *[

Annotations:
D:12 Jorgrun


Innate Abilities, Weirdness & Mutations

You can breathe blasts of scalding, opaque steam.
Your pale cyan-grey scales are hard. (AC +8)
You cannot fit into any form of body armour.
You are cold-blooded and may be slowed by cold attacks.


Message History

You start resting.
You have got your breath back.
You start resting.
Magic restored.
Okay, then. 2 ice dragons come into view.
The ice dragon roars deafeningly! x2
The ice dragon breathes frost at you. The blast of cold misses you.
Found 65 gold pieces, a blackened copper ring and a glowing diamond ring.
Okay, then.
As you read the scroll of teleportation, it crumbles to dust.
You feel strangely unstable. The ice dragon breathes frost at you.
The blast of cold hits the ice dragon.
The ice dragon resists.
The blast of cold hits you!!! The ice dragon breathes frost at you.
The blast of cold hits you!!!
Ouch! That really hurt!
You die...

D....$#
#.##
##..D.$
##.##
#....
#.#.#
#..#
#..##
#D## #.##
#.D##
#..#
#...#
##.##
#..#####
#..#
##@#...##
##.##
#...#..#
#.#.#
#..##.##
##.##
##.#..#
##..#
###.###
#..##
#...##
##..#
###..##
##.##
##..##
#..#
##..#
##.#


You could see 2 ice dragons.

Vanquished Creatures
  6 two-headed ogres
  2 oklob plants (D:10)
  2 ugly things (D:11)
  2 ice statues (IceCv)
  Joseph (D:7)
  2 rime drakes (IceCv)
  2 trolls (D:11)
  4 hornets (D:8)
  Prince Ribbit (D:5)
  Grinder (D:5)
  6 hippogriffs
  2 wraiths (D:11)
  2 wyverns
  A vampire (D:11)
  A steam dragon (D:11)
  14 yaks
  2 hungry ghosts
  Duvessa (D:4)
  A water moccasin (D:5)
  7 orc warriors
  17 ice beasts
  A phantom (D:8)
  2 sky beasts
  3 black bears
  4 ogres
  8 bullfrogs
  Blork the orc (D:4)
  2 wyvern skeletons
  Dowan (D:4)
  2 scorpions
  9 killer bees
  2 howler monkeys
  7 crimson imps
  A quasit (D:12)
  3 bullfrog zombies
  A centaur zombie (D:6)
  2 jellies
  9 orc priests
  A centaur skeleton (D:4)
  3 hounds
  24 orc wizards
  4 iguanas
  4 worker ants
  A killer bee zombie (D:5)
  2 hound skeletons
  A worker ant zombie (D:8)
  20 adders
  2 shadow imps
  2 oozes
  An adder zombie (D:6)
  3 worms
  3 dart slugs
  5 leopard geckos
  64 orcs
  3 ball pythons
  8 bats
  7 giant cockroaches
  7 goblins
  2 hobgoblins
  6 jackals
  5 quokkas
  8 frilled lizards
  A jackal skeleton (D:4)
  5 kobolds
  A quokka zombie (D:7)
  12 rats
340 creatures vanquished.

Notes
Turn   | Place    | Note
-------+----------+-------------------------------------------
     0 | D:1      | McKennaii the Draconian Conjurer began the quest for the
                  | Orb.
     0 | D:1      | Reached XP level 1. HP: 14/14 MP: 3/3
   342 | D:1      | Reached XP level 2. HP: 19/20 MP: 1/5
  1003 | D:1      | Reached XP level 3. HP: 26/26 MP: 4/6
  1760 | D:2      | Reached skill level 3 in Spellcasting
  1760 | D:2      | Reached XP level 4. HP: 30/33 MP: 4/8
  2111 | D:2      | Learned a level 4 spell: Iskenderun's Mystic Blast
  2182 | D:3      | Reached skill level 5 in Conjurations
  2579 | D:3      | Reached XP level 5. HP: 38/38 MP: 2/10
  3489 | D:4      | Noticed Blork the orc
  3500 | D:4      | Killed Blork the orc
  3500 | D:4      | Reached skill level 4 in Spellcasting
  3608 | D:4      | Reached XP level 6. HP: 45/45 MP: 5/12
  3629 | D:4      | HP: 1/45 [worker ant (3)]
  4143 | D:4      | Noticed Duvessa
  4144 | D:4      | Noticed Dowan
  4161 | D:4      | Noticed an orc warrior
  4431 | D:4      | Killed Dowan
  4549 | D:4      | Killed Duvessa
  4549 | D:4      | Reached skill level 5 in Spellcasting
  4549 | D:4      | Your scales start taking on a pale cyan-grey colour.
  4549 | D:4      | Reached XP level 7. HP: 48/50 MP: 1/14
  5137 | D:4      | Found a sacrificial altar of Ru.
  5335 | D:5      | Entered Level 5 of the Dungeon
  5380 | D:5      | Noticed a hungry ghost
  5387 | D:5      | Killed a hungry ghost
  5387 | D:5      | Reached skill level 6 in Spellcasting
  5680 | D:5      | Reached XP level 8. HP: 52/58 MP: 0/18
  5945 | D:5      | Noticed Grinder
  5949 | D:5      | Killed Grinder
  5949 | D:5      | Reached skill level 7 in Spellcasting
  6129 | D:5      | Reached skill level 1 in Fighting
  6142 | D:5      | Noticed Prince Ribbit
  6146 | D:5      | Killed Prince Ribbit
  6146 | D:5      | Reached skill level 8 in Spellcasting
  6455 | D:5      | Found a snail-covered altar of Cheibriados.
  7145 | D:6      | Reached XP level 9. HP: 64/64 MP: 14/21
  7524 | D:6      | Found a staircase to the Ecumenical Temple.
  7633 | Temple   | Entered the Ecumenical Temple
  7732 | Temple   | Became a worshipper of Sif Muna the Loreminder
  8041 | D:7      | Reached skill level 9 in Spellcasting
  8538 | D:7      | Reached * piety under Sif Muna
  8584 | D:7      | Found a shimmering altar of Xom.
  8798 | D:7      | Reached skill level 10 in Spellcasting
  8854 | D:7      | Noticed Joseph
  8868 | D:7      | Killed Joseph
  9149 | D:8      | Found a sacrificial altar of Ru.
  9149 | D:8      | Noticed a two-headed ogre
  9375 | D:8      | Noticed a two-headed ogre
  9385 | D:8      | Killed a two-headed ogre
  9385 | D:8      | Reached XP level 10. HP: 72/73 MP: 0/24
  9515 | D:8      | Found an ornate altar of the Wu Jian Council.
  9516 | D:8      | Found an ancient bone altar of Kikubaaqudgha.
  9582 | D:8      | Killed a two-headed ogre
  9582 | D:8      | Reached skill level 11 in Spellcasting
  9779 | D:8      | Found Ebilarph's General Store.
  9997 | D:8      | Reached ** piety under Sif Muna
 10434 | D:8      | Found Lacuor's Antique Armour Emporium.
 10446 | D:8      | Noticed a +0 dagger
 10447 | D:8      | Found a hide-covered altar of Uskayaw.
 10447 | D:8      | Noticed a +0 dagger
 10561 | D:8      | Found a glowing golden altar of the Shining One.
 10589 | D:8      | Learned a level 3 spell: Inner Flame
 10623 | D:8      | Found a staircase to the Lair.
 10682 | D:8      | Noticed a two-headed ogre
 10713 | D:8      | Killed a two-headed ogre
 11988 | D:9      | Reached skill level 12 in Spellcasting
 12155 | D:9      | Reached *** piety under Sif Muna
 12177 | D:9      | Reached XP level 11. HP: 48/79 MP: 5/27
 12961 | D:10     | Entered Level 10 of the Dungeon
 13056 | D:10     | Found a blossoming altar of Fedhas.
 13058 | D:10     | Noticed an oklob plant
 13058 | D:10     | Noticed an oklob plant
 13065 | D:10     | Killed an oklob plant
 13065 | D:10     | Reached skill level 1 in Fire Magic
 13207 | D:10     | Killed an oklob plant
 13647 | D:10     | Reached skill level 10 in Conjurations
 13654 | D:10     | Reached **** piety under Sif Muna
 14135 | D:10     | Noticed a two-headed ogre
 14146 | D:10     | Killed a two-headed ogre
 15060 | D:11     | Noticed a two-headed ogre
 15066 | D:11     | Killed a two-headed ogre
 15066 | D:11     | Reached skill level 5 in Dodging
 15066 | D:11     | Reached skill level 13 in Spellcasting
 15790 | D:11     | Noticed a purple ugly thing
 15797 | D:11     | Killed a purple ugly thing
 15912 | D:11     | Noticed a two-headed ogre
 15919 | D:11     | Reached ***** piety under Sif Muna
 15924 | D:11     | Killed a two-headed ogre
 15924 | D:11     | Identified Sif Muna's Incunabulum of the Traveller and the
                  | Entourage (Sif Muna gifted it to you on level 11 of the
                  | Dungeon)
 15924 | D:11     | Received a gift from Sif Muna
 16094 | D:11     | Noticed a red ugly thing
 16111 | D:11     | Reached XP level 12. HP: 34/89 MP: 3/29
 17123 | D:12     | Noticed Jorgrun
 17197 | D:12     | Found a frozen archway.
 17375 | IceCv    | Entered an ice cave
 18290 | IceCv    | Reached skill level 14 in Spellcasting
 18544 | IceCv    | Noticed an ice dragon
 18544 | IceCv    | Noticed an ice dragon
 18549 | IceCv    | Killed from afar by an ice dragon

Levels and vault maps discovered:
D:1:      dpeg_arrival_ratfight, layout_basic, grunt_decor_cap,
          chequers_big_river
D:2:      layout_basic
D:3:      layout_basic, first_ration, saegor_snake_ambush
D:4:      layout_loops_ring, minmay_misc_feat_plants, kennysheep_flooded_box,
          uniq_duvessa, uniq_blork_the_orc
D:5:      layout_basic, cheibrodos_worm_habitat, kennysheep_generic_room_11,
          uniq_prince_ribbit1, uniq_grinder
D:6:      layout_loops_ring, minmay_temple_entry_hall, minmay_checkerbox
D:7:      layout_cave_pools, lemuel_statue_altar, uniq_joseph
D:8:      layout_loops_corners, old_standard_altar, dancing_weapons_uskayaw,
          chequers_temple_overflow_statue_of_worship, lair_entry_dummy,
          serial_shops, nicolae_shop_trees, shop, hangedman_pestilent_swarm,
          minivault_24
D:9:      layout_basic
D:10:     layout_cave_pools, hangedman_tree_tricks
D:11:     layout_roguey
D:12:     layout_stronghold, orc_0_dummy, portal_ice_cave_entry_pillars_1,
          uniq_maurice, uniq_jorgrun
Temple:   eino_temple_rhombus
IceCv:    ice_cave_small_dragons

Skill      XL: |  1  2  3  4  5  6  7  8  9 10 11 12 |
---------------+-------------------------------------+-----
Spellcasting   | 3 4 5 6 8 10 12 13 14 | 14.0
Dodging        | 2 3 4 5 |  5.5
Conjurations   | 5 6 7 8 9 10 | 10.9
Stealth        | 2 3 |  3.9
Fighting       | 1 2 3 |  3.3
Fire Magic     | 3 4 |  4.7

Action                   |  1- 3 |  4- 6 |  7- 9 | 10-12 || total
-------------------------+-------+-------+-------+-------++-------
Melee: Unarmed           |     9 |       |       |       ||     9
       Tailslap          |     3 |     1 |     4 |     9 ||    17
       Dagger            |     8 |    21 |       |    83 ||   112
       Staff             |       |     8 |    35 |    46 ||    89
 Cast: Magic Dart        |    76 |   166 |   285 |   309 ||   836
       Iskenderun's Myst |       |     2 |    41 |   199 ||   242
 Abil: Breathe Steam     |       |       |    20 |    39 ||    59
Evoke: Wand              |       |       |       |     1 ||     1
  Use: Scroll            |     1 |     3 |     5 |     7 ||    16
       Potion            |       |     2 |       |     3 ||     5
 Stab: Sleeping          |       |       |       |     1 ||     1
  Eat: Chunk             |     2 |     8 |    19 |    27 ||    56
       Ration            |       |     1 |     1 |     3 ||     5
Armor: Skin              |     3 |    18 |    40 |   155 ||   216
Dodge: Dodged            |    10 |    47 |   106 |   207 ||   370
       Deflected         |       |       |       |     1 ||     1
